Map: Coda EC

Players

KYMAH - Winner!

  • Race: Protoss Protoss
  • League: Grandmaster

AgCl

  • Race: Protoss Protoss
  • League: Grandmaster

VOD

Have the link to the VOD?

Description

Time

  • Played on: June 6, 2015, 12:33 a.m.
  • Length: 8:47
Show
View Real Time Build Order
Export as new Build Order

KYMAH Protoss - Winner!

Build Orders: Blink Stalkers, Zealot Archon 

Get SALT Encoding   

  12  0:01  Probe  
  13  0:13  Probe  
  14  0:22  Pylon  
  14  0:40  Gateway, Probe (Chrono Boost)  
  16  0:51  Probe (Chrono Boost)  
  16  0:57  Probe  
  16  0:58  Assimilator  
  16  1:00  Assimilator  
  17  1:09  Probe  
  18  1:17  Pylon  
  18  1:26  Probe (Chrono Boost)  
  18  1:30  Cybernetics Core  
  18  1:31  Zealot  
  21  1:38  Probe (Chrono Boost)  
  22  1:45  Probe (Chrono Boost)  
  23  1:56  Probe (Chrono Boost)  
  24  2:03  Probe (Chrono Boost)  
  25  2:10  Stalker (Chrono Boost), Twilight Council, Warp Gate  
  27  2:19  Pylon  
  27  2:25  Mothership Core  
  29  2:39  Stalker  
  29  3:10  Blink (Chrono Boost)  
  29  3:13  Stalker  
  31  3:21  Nexus, Pylon  
  31  3:31  Gateway  
  31  3:41  Gateway  
  31  3:52  Probe  
  32  4:03  Dark Shrine  
  32  4:10  Pylon  
  32  4:15  Probe  
  33  4:29  Stalker  
  33  4:30  Stalker  
  37  4:36  Stalker  
  39  4:40  Probe x2  
  41  4:52  Probe x2  
  43  4:57  Stalker x2  
  43  5:04  Probe x2 (Chrono Boost)  
  42  5:15  Probe (Chrono Boost)  
  42  5:16  Stalker  
  42  5:19  Probe (Chrono Boost)  
  45  5:21  Probe  
  46  5:29  Dark Templar  
  48  5:35  Dark Templar  
  46  5:54  Zealot  
  44  6:02  Zealot  
  42  6:14  Zealot  
  42  6:22  Stalker  
  42  6:23  Stalker  
  44  6:26  Probe x2  
  44  6:30  Robotics Facility  
  46  6:36  Dark Templar  
  46  6:38  Probe (Chrono Boost)  
  49  6:40  Archon  
  49  6:45  Probe (Chrono Boost)  
  50  6:50  Probe (Chrono Boost), Zealot x2  
  56  6:55  Probe (Chrono Boost)  
  56  6:57  Probe (Chrono Boost)  
  53  7:10  Zealot x3  
  59  7:29  Observer (Chrono Boost)  
  60  7:31  Zealot x2  
  64  7:43  Immortal (Chrono Boost)  
  66  7:47  Probe x2 (Chrono Boost)  
  68  7:52  Assimilator  
  68  7:56  Assimilator  
  68  8:03  Probe x2 (Chrono Boost)  
  68  8:08  Pylon  
  68  8:10  Pylon  
  68  8:12  Pylon  
  66  8:32  Stalker  
  66  8:33  Stalker  
  66  8:34  Stalker  
Show
View Real Time Build Order
Export as new Build Order

AgCl Protoss 

Build Orders: Oracle Opening, Oracle Opening 

Get SALT Encoding   

  12  0:16  Pylon  
  12  0:28  Probe (Chrono Boost)  
  13  0:39  Gateway  
  13  0:40  Probe (Chrono Boost)  
  14  0:47  Probe (Chrono Boost)  
  15  0:52  Assimilator  
  16  0:57  Probe  
  16  1:09  Probe (Chrono Boost)  
  16  1:10  Pylon  
  17  1:21  Probe (Chrono Boost)  
  18  1:25  Zealot  
  18  1:28  Probe (Chrono Boost)  
  21  1:38  Probe (Chrono Boost)  
  22  1:41  Cybernetics Core  
  22  1:48  Assimilator  
  22  1:50  Probe (Chrono Boost)  
  23  1:58  Probe (Chrono Boost)  
  24  2:07  Probe  
  25  2:19  Probe (Chrono Boost)  
  28  2:30  Mothership Core (Chrono Boost)  
  28  2:39  Stargate  
  28  2:41  Warp Gate (Chrono Boost)  
  27  2:46  Probe  
  28  2:58  Probe  
  27  3:09  Robotics Facility  
  27  3:10  Pylon  
  27  3:21  Nexus  
  27  3:25  Gateway  
  27  3:31  Pylon  
  27  3:40  Oracle (Chrono Boost)  
  30  4:00  Immortal (Chrono Boost)  
  33  4:13  Void Ray  
  37  4:31  Probe  
  38  4:37  Immortal (Chrono Boost)  
  42  4:39  Probe  
  42  4:43  Probe  
  44  4:51  Probe  
  45  4:59  Void Ray (Chrono Boost)  
  46  5:10  Probe  
  46  5:12  Probe, Assimilator  
  48  5:14  Assimilator  
  48  5:15  Observer  
  49  5:22  Probe  
  49  5:24  Probe  
  49  5:25  Forge  
  51  5:34  Probe, Phoenix (Chrono Boost)  
  54  5:36  Probe  
  51  5:56  Immortal (Chrono Boost)  
  49  6:04  Phoenix (Chrono Boost)  
  51  6:11  Adept  
  51  6:12  Adept  
  51  6:23  Probe (Chrono Boost)  
  49  6:27  Probe (Chrono Boost)  
  49  6:30  Phoenix (Chrono Boost)  
  52  6:34  Probe (Chrono Boost), Protoss Ground Weapons Level 1  
  52  6:36  Immortal (Chrono Boost)  
  52  6:39  Probe (Chrono Boost)  
  57  6:41  Probe (Chrono Boost)  
  58  6:48  Probe  
  58  6:52  Probe  
  60  7:06  Phoenix  
  58  7:09  Stalker  
  58  7:14  Immortal (Chrono Boost)  
  58  7:24  Probe  
  58  7:25  Void Ray (Chrono Boost)  
  50  7:32  Stalker  
  50  7:33  Stalker  
  59  7:44  Immortal  
  59  7:59  Pylon  
Tags
 
Add a new tag
Caveats
  • Supply blocks, unpowered buildings, or Contaminate may cause inaccurate times.
  • Supply counts are checked every 10 seconds.